 Dungeon Crawl Stone Soup version 0.31-a0-1154-gadca813884 (webtiles) character file.

Game seed: 3907709496823934151

186 Dirtsage the Changeling (level 5, -6/33 HPs)
             Began as an Octopode Shapeshifter on Dec 7, 2023.
             Mangled by a water moccasin (7 damage)
             ... on level 4 of the Dungeon.
             The game lasted 00:03:32 (2499 turns).

Dirtsage the Changeling (Octopode Shapeshifter)     Turns: 2499, Time: 00:03:33

Health: -6/33      AC:  1    Str: 13    XL:     5   Next: 65%
Magic:  5/5        EV: 13    Int: 13    God:
Gold:   186        SH:  0    Dex: 13    Spells: 2/4 levels left

rFire   . .          .
                       - Unarmed
rCold   . . .        (no shield)
rNeg    . . .        (helmet currently unavailable)
rPois   .            (no amulet)
rElec   .            e - ring of willpower
rCorr   .            j - ring of flight
SInv    .            (no ring)
Will    +....        (no ring)
Stlth   ++           (no ring)
HPRegen 0.25/turn    (no ring)
MPRegen 0.09/turn    (no ring)
                     (no ring)

%: no passive effects
@: lethally poisoned (-6 -> -27), beast-form, flying
A: beast (slay +3), almost no armour, amphibious, 8 rings, camouflage 1,
gelatinous body 1, (nimble swimmer 1), tentacles
a: Begin Untransformation


You were on level 4 of the Dungeon.
You were a hulking beast.
You visited 1 branch of the dungeon, and saw 4 of its levels.

You collected 186 gold pieces.

Inventory:

Magical Staves
 l - a staff of cold
 v - a staff of fire
Jewellery
 e - a ring of willpower (left tentacle)
 j - a ring of flight (right tentacle)
Talismans
 b - a beast talisman
 c - a flux talisman
Wands
 u - a wand of mindburst (14)
Scrolls
 d - a scroll of teleportation {unknown}
 f - 2 scrolls of fog {unknown}
 i - a scroll of noise {unknown}
 m - a scroll of vulnerability {unknown}
 n - a scroll of identify {unknown}
 p - a scroll of revelation {unknown}
 q - a scroll of enchant weapon {unknown}
 r - a scroll of amnesia {unknown}
 s - a scroll of immolation {unknown}
Potions
 a - 2 potions of lignification
 g - a potion of brilliance {unknown}
 h - 2 potions of curing {unknown}
 k - a potion of might {unknown}
 o - a potion of mutation {unknown}
 t - 2 potions of resistance {unknown}


   Skills:
 - Level 1.0 Fighting
 - Level 2.0 Dodging
 - Level 3.0 Unarmed Combat
 + Level 5.7 Shapeshifting


You had 2 spell levels left.
You knew the following spells:

 Your Spells              Type           Power      Damage    Failure   Level
a - Wereblood             Tmut           0%         N/A       43%         2

Your spell library contained the following spells:

 Spells                   Type           Power      Damage    Failure   Level
 Irradiate                Conj/Tmut      0%         3d11      100%        5


Dungeon Overview and Level Annotations

Branches:
Dungeon (4/15)
 Temple: D:4-7

Altars:
Cheibriados
Hepliaklqana


Innate Abilities, Weirdness & Mutations

You are a hulking beast.
Your limbs bulge with bestial killing power. (Slay +3)
You cannot wear most types of armour.
You are amphibious.
You can wear up to eight rings at the same time.
Your skin changes colour to match your surroundings (Stealth+).
Your rubbery body absorbs attacks. (AC +1, EV +1)
((You are camouflaged when in or above water. (Stealth+)))
You have tentacles for arms and can constrict up to eight enemies at once.


Message History

There is an open door here.
a - 2 potions of lignification (gained 1)
You now have 186 gold pieces (gained 13).
A water moccasin comes into view.
The water moccasin hisses angrily.
The water moccasin bites you.
You take 6 damage, and have 27/33 hp.
You tentacle-slap the water moccasin but do no damage.
Your grab misses the water moccasin. You squeeze the water moccasin.
The water moccasin is lightly wounded.
The water moccasin bites you!
You take 7 damage, and have 20/33 hp.
MASSIVE DAMAGE!!
You barely miss the water moccasin. You grab the water moccasin.
The water moccasin is lightly wounded.
You constrict the water moccasin. The water moccasin bites you.
You are poisoned.
The water moccasin poisons you! The water moccasin misses you.
You take 3 damage, and have 17/33 hp.
You bludgeon the water moccasin!
The water moccasin is heavily wounded.
You constrict the water moccasin.
You feel very sick. The water moccasin closely misses you.
You take 4 damage, and have 13/33 hp.
You tentacle-slap the water moccasin.
The water moccasin is severely wounded.
You constrict the water moccasin.
You feel very sick. The water moccasin bites you.
* * * LOW HITPOINT WARNING * * *
You are more poisoned.
The water moccasin poisons you!
You take 7 damage, and have 6/33 hp.
MASSIVE DAMAGE!!
You tentacle-slap the water moccasin.
The water moccasin is almost dead.
You constrict the water moccasin.
* * * LOW HITPOINT WARNING * * *
You feel very sick. The water moccasin barely misses you.
The water moccasin bites you!
You die...

#.##. #.##.
#############.#..
###.####................
.........####...........
######..####.#########.
#.....#.# ## #.###.#.# #
#h......# # #S###.### #
#.# #.# ..# #.# #.# #.#


You could see a water moccasin.

Vanquished Creatures
  An orc priest (D:2)
  2 orc wizards
  2 adders (D:2)
  2 worms
  2 dart slugs (D:3)
  8 orcs
  9 bats
  4 endoplasms
  6 giant cockroaches
  4 goblins
  8 hobgoblins
  2 jackals (D:2)
  5 kobolds
  2 quokkas
  4 ball pythons
  3 frilled lizards
  6 rats
70 creatures vanquished.

Notes
Turn   | Place    | Note
-------+----------+-------------------------------------------
     0 | D:1      | Dirtsage the Octopode Shapeshifter began the quest for the
                  | Orb.
     0 | D:1      | Reached XP level 1. HP: 13/13 MP: 1/1
    58 | D:1      | Reached XP level 2. HP: 16/18 MP: 2/2
   510 | D:2      | Reached XP level 3. HP: 23/23 MP: 3/3
   530 | D:2      | Reached skill level 4 in Shapeshifting
  1003 | D:2      | Reached XP level 4. HP: 28/28 MP: 4/4
  1085 | D:2      | Reached skill level 5 in Shapeshifting
  1085 | D:2      | Reached XP level 5. HP: 11/33 MP: 5/5
  1519 | D:3      | Found a hazy altar of Hepliaklqana.
  1548 | D:3      | Learned a level 2 spell: Wereblood
  2468 | D:4      | Found a snail-covered altar of Cheibriados.
  2489 | D:4      | Noticed a water moccasin
  2499 | D:4      | HP: 1/33 [poisoned by a water moccasin]
  2499 | D:4      | Mangled by a water moccasin

Illustrated notes

Levels and vault maps discovered:
D:1:      lightli_arrival_noodles, layout_basic
D:2:      layout_loops_cross, minmay_fractal_squares_5
D:3:      layout_basic, mainiacjoe_overflow_24_doors
D:4:      layout_loops_ring, gammafunk_temple_overflow_arena,
          general_overflow_altar, mainiacjoe_overflow_surrounded_room,
          minmay_temple_entry_from_below_a, nicolae_nh_ransacked_shop

Skill      XL: |  1  2  3  4 |
---------------+-------------+-----
Shapeshifting  | 4 5 |  5.7
Fighting       | |  1.0
Dodging        | |  2.0
Unarmed Combat | |  3.0

Action                     |  1- 3 |  4- 6 || total
---------------------------+-------+-------++-------
  Melee: Unarmed           |    85 |    63 ||   148
         Constrict         |    21 |    20 ||    41
         Tentacles         |    10 |    10 ||    20
         Punch             |     4 |     2 ||     6
   Stab: Sleeping          |     7 |     5 ||    12
 Armour: Skin              |    25 |    24 ||    49
  Dodge: Dodged            |    55 |    27 ||    82

Table legend: (Time is in decaauts)
 A = Elapsed time spent in this place.
 B = Non-inter-level travel time spent in this place.
 C = Inter-level travel time spent in this place.
 D = Time resting spent in this place.
 E = Time spent auto-exploring this place.
 F = Levels seen in this place.
 G = Mean time per level.
                   A        B        C        D        E       F      G
               +--------+--------+--------+--------+--------+-----+--------+
         Total |   2489 |   2386 |    103 |     29 |   1938 |   4 |  622.2 |
       Dungeon |   2489 |   2386 |    103 |     29 |   1938 |   4 |  622.2 |
               +--------+--------+--------+--------+--------+-----+--------+

Top non-repeatable levels by time:
     D:3: 970 daAuts
     D:2: 951 daAuts
     D:1: 499 daAuts
     D:4: 67 daAuts
